 Dungeon Sprint DCSS version 0.23.2-40-g277498a001 (webtiles) character file.

Game seed: 13732934070707776732

1799 Cryoshakespeare the Thaumaturge (level 8, -1/48 HPs)
             Began as a Deep Elf Air Elementalist on Sept 23, 2019.
             Was an Elder of Vehumet.
             Slain by an eight-headed hydra (14 damage)
             ... in the Dungeon (Sprint IX: "|||||||||||||||||||||||||||||").
             The game lasted 00:07:22 (948 turns).

Cryoshakespeare the Thaumaturge (DEAE)               Turns: 948, Time: 00:07:22

Health: -1/48      AC:  6    Str: 11    XL:     8   Next: 83%
Magic:  9/25       EV: 16    Int: 23    God:    Vehumet [****..]
Gold:   0          SH:  0    Dex: 15    Spells: 18/30 levels left

rFire    + . .     SeeInvis .   b - staff of energy
rCold    . . .     Gourm    .   (no shield)
rNeg     . . .     Faith    .   r - +2 leather armour {rF+}
rPois    .         Spirit   .   o - +0 helmet
rElec    .         Reflect  .   (no cloak)
rCorr    .         Harm     .   (no gloves)
MR       .....     NoTele   +   (no boots)
Stlth    ++........             u - amulet of magic regeneration
HPRegen  0.16/turn              p - +3 ring of strength
MPRegen  0.44/turn              q - +3 ring of strength

@: swift, very quick
A: no striking features
a: Renounce Religion


You were in the Dungeon.
You worshipped Vehumet.
Vehumet was greatly pleased with you.
You were not hungry.

You visited 1 branch

Inventory:

Hand Weapons
 a - the +8 arc blade {discharge, rElec}
   (You found it in the Dungeon)

   It insulates you from electricity.
Armour
 m - a +0 robe
 o - a +0 helmet (worn)
 r - a +2 leather armour of fire resistance (worn)
Magical Staves
 b - an uncursed staff of energy (weapon)
Jewellery
 p - a +3 ring of strength (left hand)
 q - a +3 ring of strength (right hand)
 u - an amulet of magic regeneration (around neck)
Wands
 l - a wand of iceblast (10)
Scrolls
 i - 4 scrolls of blinking
 j - 3 scrolls of remove curse
 k - 2 scrolls of amnesia
 t - a scroll of magic mapping
 v - 4 scrolls of enchant armour
Potions
 d - 7 potions of curing
 e - 3 potions of heal wounds
 f - a potion of haste
 g - 4 potions of magic
 h - 2 potions of berserk rage
 n - a potion of invisibility
 s - a potion of might


   Skills:
 + Level 4.7 Fighting
 - Level 7.1 Short Blades
 + Level 4.6 Armour
 + Level 7.3 Dodging
 - Level 2.4 Stealth
 + Level 11.8 Spellcasting
 + Level 9.9 Conjurations
 + Level 9.5 Air Magic


You had 18 spell levels left.
You knew the following spells:

 Your Spells              Type           Power        Failure   Level  Hunger
a - Shock                 Conj/Air       ####         1%          1    None
b - Lightning Bolt        Conj/Air       ######....   1%          5    None
c - Swiftness             Chrm/Air       #####...     1%          2    None
d - Airstrike             Air            ######....   1%          4    None

Your spell library contained the following spells:

 Spells                   Type           Power        Failure   Level  Hunger
 Throw Frost              Conj/Ice       #####.       1%          2    None
 Static Discharge         Conj/Air       ######..     1%          3    None


Dungeon Overview and Level Annotations

Branches:
Dungeon (1/1)

Altars:
Cheibriados
Dithmenos
Elyvilon
Fedhas
Gozag
Hepliaklqana
Kikubaaqudgha
Makhleb
Nemelex Xobeh
Okawaru
Qazlal
Ru
Sif Muna
Trog
Uskayaw
Vehumet
Wu Jian
Xom
Yredelemnul
Zin
The Shining One
Beogh
Jiyva
Lugonu


Message History

Press: ? - help, Shift-Dir - straight line, f/p - eight-headed hydra
Aim: an eight-headed hydra (severely wounded)
You hear a mighty clap of thunder!
The bolt of lightning hits the eight-headed hydra!
The eight-headed hydra is almost dead.
The bolt of lightning hits the porcupine!!
You kill the porcupine!
Vehumet accepts your kill.
Vehumet is now extending the range of your destructive spells.
You feel your power returning.
The bolt of lightning hits the wolf!
The wolf is heavily wounded.
The bolt of lightning hits the water moccasin!!
The water moccasin is almost dead.
The eight-headed hydra closely misses you.
The eight-headed hydra bites you! x2; The eight-headed hydra misses you.
The eight-headed hydra completely misses you.
The eight-headed hydra bites you!
* * * LOW HITPOINT WARNING * * *
The eight-headed hydra bites you!
You die...

▓▓▓▓▓▓▓▓▓▓▓▓▓▓▓▓▓▓▓
..)..h....'..ShD@.▓
▓▓▓▓▓▓▓▓▓▓▓▓▓▓▓▓▓.▓
....†.............▓
▓▓▓▓▓▓▓▓▓▓▓▓▓▓▓▓▓▓▓
_'.....'....)'...<▓
▓▓▓▓▓▓▓▓▓▓▓▓▓▓▓▓▓▓▓


You could see an eight-headed hydra, a water moccasin and a wolf.

Vanquished Creatures
  A hydra (D)
  An efreet (D)
  A hippogriff (D)
  A hungry ghost (D)
  A porcupine (D)
  A black bear (D)
  An ice beast (D)
  2 bullfrogs (D)
  A quasit (D)
  3 hounds (D)
  An iguana (D)
  A shadow imp (D)
  An ooze (D)
  A dart slug (D)
  An orc (D)
  2 bat zombies (D)
  A goblin (D)
  A ball python zombie (D)
  A frilled lizard (D)
  A rat (D)
24 creatures vanquished.

Vanquished Creatures (others)
  A bat zombie (D)
1 creature vanquished.

Grand Total: 25 creatures vanquished

Notes
Turn   | Place    | Note
-------+----------+-------------------------------------------
     0 | D        | Cryoshakespeare the Deep Elf Air Elementalist began the
                  | quest for the Orb.
     0 | D        | Reached XP level 1. HP: 10/10 MP: 6/6
    11 | D        | Reached skill level 4 in Spellcasting
    11 | D        | Reached XP level 2. HP: 15/15 MP: 1/9
    93 | D        | Reached skill level 5 in Spellcasting
    93 | D        | Reached XP level 3. HP: 19/19 MP: 3/12
    93 | D        | Reached skill level 6 in Spellcasting
    93 | D        | Reached skill level 5 in Conjurations
    93 | D        | Reached skill level 5 in Air Magic
    93 | D        | Reached XP level 4. HP: 24/24 MP: 3/14
    95 | D        | Reached skill level 7 in Spellcasting
   194 | D        | Found a roughly hewn altar of Beogh.
   194 | D        | Found a snail-covered altar of Cheibriados.
   194 | D        | Found a shadowy altar of Dithmenos.
   194 | D        | Found a white marble altar of Elyvilon.
   194 | D        | Found a blossoming altar of Fedhas.
   194 | D        | Found an opulent altar of Gozag.
   195 | D        | Found a hazy altar of Hepliaklqana.
   196 | D        | Found a viscous altar of Jiyva.
   197 | D        | Found an ancient bone altar of Kikubaaqudgha.
   198 | D        | Found a corrupted altar of Lugonu.
   199 | D        | Found a burning altar of Makhleb.
   200 | D        | Found a sparkling altar of Nemelex Xobeh.
   201 | D        | Found an iron altar of Okawaru.
   202 | D        | Found a stormy altar of Qazlal.
   203 | D        | Found a sacrificial altar of Ru.
   204 | D        | Found a deep blue altar of Sif Muna.
   205 | D        | Found a bloodstained altar of Trog.
   206 | D        | Found a hide-covered altar of Uskayaw.
   207 | D        | Found a radiant altar of Vehumet.
   208 | D        | Found an ornate altar of the Wu Jian Council.
   209 | D        | Found a shimmering altar of Xom.
   210 | D        | Found a basalt altar of Yredelemnul.
   211 | D        | Found a glowing silver altar of Zin.
   212 | D        | Found a glowing golden altar of the Shining One.
   237 | D        | Became a worshipper of Vehumet
   254 | D        | Found the +8 arc blade {discharge, rElec}
   275 | D        | Noticed an ice beast
   275 | D        | Noticed a bullfrog
   285 | D        | Killed a bullfrog
   285 | D        | Reached * piety under Vehumet
   285 | D        | Offered knowledge of Sandblast by Vehumet.
   285 | D        | Reached skill level 8 in Spellcasting
   285 | D        | Reached XP level 5. HP: 28/28 MP: 10/17
   286 | D        | Killed an ice beast
   286 | D        | Reached skill level 9 in Spellcasting
   286 | D        | Reached XP level 6. HP: 28/32 MP: 12/20
   286 | D        | Reached ** piety under Vehumet
   305 | D        | Learned a level 5 spell: Lightning Bolt
   337 | D        | Noticed a hungry ghost
   337 | D        | Noticed an efreet
   340 | D        | Reached skill level 1 in Fighting
   340 | D        | Reached skill level 1 in Armour
   342 | D        | Reached skill level 5 in Short Blades
   342 | D        | Reached skill level 10 in Spellcasting
   343 | D        | Killed an efreet
   343 | D        | Reached *** piety under Vehumet
   343 | D        | Reached skill level 5 in Dodging
   343 | D        | Reached XP level 7. HP: 6/41 MP: 4/23
   349 | D        | Killed a hungry ghost
   575 | D        | Noticed a hippogriff
   575 | D        | Noticed a six-headed hydra
   576 | D        | HP: 2/41 [six-headed hydra (13)]
   858 | D        | Learned a level 2 spell: Swiftness
   885 | D        | Killed a hippogriff
   885 | D        | Offered knowledge of Throw Frost by Vehumet.
   885 | D        | Reached skill level 11 in Spellcasting
   885 | D        | Reached XP level 8. HP: 46/46 MP: 14/25
   897 | D        | Killed a six-headed hydra
   931 | D        | Learned a level 4 spell: Airstrike
   942 | D        | Noticed an eight-headed hydra
   948 | D        | Reached **** piety under Vehumet
   948 | D        | Slain by an eight-headed hydra

Skill      XL: |  1  2  3  4  5  6  7  8 |
---------------+-------------------------+-----
Conjurations   | 2 4 5 6 7 8 9 |  9.9
Spellcasting   | 4 5 6 8 9 10 11 | 11.8
Air Magic      | 4 5 6 7 8 9 |  9.5
Short Blades   | 2 4 5 6 7 |  7.1
Fighting       | 3 4 |  4.7
Armour         | 2 3 4 |  4.6
Dodging        | 5 7 |  7.3
Stealth        | |  2.4

Action                   |  1- 3 |  4- 6 |  7- 9 || total
-------------------------+-------+-------+-------++-------
Melee: Rapier            |       |     3 |     3 ||     6
 Cast: Shock             |    10 |     9 |     2 ||    21
       Lightning Bolt    |       |     3 |     7 ||    10
       Swiftness         |       |       |     2 ||     2
       Airstrike         |       |       |     2 ||     2
  Use: Potion            |     1 |       |     1 ||     2
       Scroll            |       |       |     1 ||     1
  Eat: Ration            |       |       |     1 ||     1
Armor: Robe              |       |     1 |       ||     1
       Leather armour    |       |     1 |     3 ||     4
Dodge: Dodged            |     4 |     7 |     9 ||    20
